 Dungeon Crawl Stone Soup version 0.21.0-3-g78d12a8bdd (webtiles) character file.

11739 newtant the Severer (level 11, -1/105 HPs)
             Began as a Hill Orc Fighter on Jan 13, 2018.
             Was a High Priest of Okawaru.
             Slain by a 12-headed hydra (3 damage)
             ... on level 3 of the Lair of Beasts.
             The game lasted 00:22:04 (11134 turns).

newtant the Severer (Hill Orc Fighter)             Turns: 11134, Time: 00:22:04

Health: -1/105     AC: 18    Str: 20    XL:     11   Next: 82%
Magic:  0/11       EV:  1    Int:  8    God:    Okawaru [*****.]
Gold:   681        SH: 14    Dex: 13    Spells: 10/10 levels left

rFire    . . .     SeeInvis +   a - +0 war axe
rCold    . . .     Gourm    .   g - +0 large shield
rNeg     . . .     Faith    .   p - +0 plate armour
rPois    +         Spirit   +   A - +0 helmet
rElec    .         Reflect  .   O - +0 cloak {rPois}
rCorr    +         Harm     .   y - +0 pair of gloves
MR       .....                  l - +2 pair of boots
Stlth    ..........             z - amulet of guardian spirit
HPRegen  0.27/turn              H - ring of resist corrosion
MPRegen  0.12/turn              C - ring of see invisible

@: no status effects
A: no striking features
a: Heroism, Finesse, Renounce Religion


You were on level 3 of the Lair of Beasts.
You worshipped Okawaru.
Okawaru was extremely pleased with you.
You were not hungry.

You visited 3 branches of the dungeon, and saw 12 of its levels.

You collected 681 gold pieces.

Inventory:

Hand Weapons
 a - a +0 war axe (weapon)
Missiles
 b - 4 tomahawks of returning
 j - 76 sling bullets
 s - 6 javelins (quivered)
 F - 2 tomahawks
Armour
 g - a +0 large shield (worn)
 l - a +2 pair of boots (worn)
 p - a +0 plate armour (worn)
 y - a +0 pair of gloves (worn)
 A - a +0 helmet (worn)
 O - a +0 cloak of poison resistance (worn)
 P - a +1 hat of intelligence
Jewellery
 z - an amulet of guardian spirit (around neck)
 C - a ring of see invisible (right hand)
 H - a ring of resist corrosion (left hand)
 I - an uncursed ring of stealth
Wands
 d - a wand of disintegration (10)
 t - a wand of digging (8)
Scrolls
 e - 4 scrolls of remove curse
 i - a scroll of identify
 n - a scroll of amnesia
 q - 6 scrolls of teleportation
 r - a scroll of fear
 x - a scroll of magic mapping
 E - a scroll of acquirement {unknown}
 K - a scroll of blinking {unknown}
 L - a scroll of torment {unknown}
Potions
 c - a potion of resistance {unknown}
 h - 4 potions of curing
 k - a potion of invisibility {unknown}
 m - a potion of mutation {unknown}
 o - 4 potions of brilliance
 u - a potion of cancellation {unknown}
 w - a potion of lignification
 M - a potion of haste {unknown}
 N - a potion of magic {unknown}
 R - a potion of berserk rage {unknown}
Books
 B - a book of Flames

   Spells                             Type                      Level
   a - Flame Tongue                   Conjuration/Fire             1
   b - Throw Flame                    Conjuration/Fire             2
   c - Conjure Flame                  Conjuration/Fire             3
   d - Inner Flame                    Hexes/Fire                   3
   e - Sticky Flame                   Conjuration/Fire             4
   f - Fireball                       Conjuration/Fire             5
 D - a book of Misfortune

   Spells                             Type                      Level
   a - Confusing Touch                Hexes                        1
   b - Confuse                        Hexes                        3
   c - Gell's Gravitas                Translocation                3
   d - Petrify                        Transmutation/Earth          4
   e - Metabolic Englaciation         Hexes/Ice                    5
   f - Yara's Violent Unravelling     Hexes/Transmutation          5
 J - a book of Changes

   Spells                             Type                      Level
   a - Beastly Appendage              Transmutation                1
   b - Sticks to Snakes               Transmutation                2
   c - Spider Form                    Transmutation/Poison         3
   d - Ice Form                       Ice/Transmutation            4
   e - Blade Hands                    Transmutation                5
Comestibles
 f - 22 rations


   Skills:
 - Level 12.7 Fighting
 + Level 18.3 Axes
 - Level 3.2 Armour
 - Level 3.2 Shields


You had 10 spell levels left.
You didn't know any spells.

Dungeon Overview and Level Annotations

Branches:
Dungeon (8/15)             Temple (1/1) D:6            Lair (3/6) D:8
  Swamp: Lair:2-4    Shoals: Lair:2-4     Snake: Lair:2-4    Spider: Lair:2-4

Altars:
Ashenzari
Cheibriados
Dithmenos
Elyvilon
Fedhas
Gozag
Hepliaklqana
Kikubaaqudgha
Makhleb
Nemelex Xobeh
Okawaru
Qazlal
Ru
Sif Muna
Trog
Uskayaw
Vehumet
Wu Jian
Xom
Yredelemnul
Zin
The Shining One


Message History

* * * LOW HITPOINT WARNING * * *
The 12-headed hydra bites you but does no damage. x2
You block the 12-headed hydra's attack.
The 12-headed hydra bites you but does no damage. x3
Your shield and plate armour prevent you from hitting the 12-headed hydra.
The 12-headed hydra is moderately wounded.
The 12-headed hydra bites you but does no damage.
You block the 12-headed hydra's attack. x3; The 12-headed hydra bites you.
* * * LOW HITPOINT WARNING * * *
The 12-headed hydra bites you.
* * * LOW HITPOINT WARNING * * *
The 12-headed hydra bites you but does no damage.
The 12-headed hydra bites you!
* * * LOW HITPOINT WARNING * * *
The 12-headed hydra bites you but does no damage.
The 12-headed hydra bites you.
* * * LOW HITPOINT WARNING * * *
The 12-headed hydra bites you but does no damage.
The 12-headed hydra bites you.
You die...

.......## #.....#
......## ##....##
.)....## #......#
.......# ####.....P#
.......####..#.....##
...................#
...................#
...................#
................@..#
......#.#####...D..##
##.....## ##.....P#
#....## ##....##
#....# ##.....#
##....# #......#
#.....## #P.....#
#......# ##....##
##....## ##.....#


You could see a 12-headed hydra.

Vanquished Creatures
  Gastronok (Lair:1)
  Nergalle (Lair:1)
  An ugly thing (D:8)
  Joseph (D:8)
  Maurice (D:8)
  4 spiny frogs
  2 komodo dragons (Lair:3)
  Grinder (D:3)
  2 hippogriffs
  Sigmund (D:2)
  3 hogs (D:7)
  14 yaks
  A human (D:7)
  3 water moccasins
  An ice beast (D:8)
  3 porcupines
  2 orc warriors
  A sky beast (D:6)
  3 phantoms
  2 ogres
  2 centaurs
  5 crocodiles
  A big kobold (D:8)
  3 bullfrogs
  4 scorpions
  3 killer bees (D:8)
  A howler monkey (D:7)
  2 bullfrog zombies
  A crimson imp (D:6)
  2 centaur zombies (D:8)
  5 hounds
  A centaur skeleton (D:7)
  3 orc priests
  3 orc wizards
  3 iguanas
  7 worker ants
  A killer bee zombie (D:8)
  A hound zombie (D:8)
  2 worker ant zombies
  9 gnolls
  5 adders
  2 shadow imps
  An ooze (D:6)
  An adder skeleton (D:8)
  2 dart slugs
  7 leopard geckos
  24 orcs
  10 giant cockroaches
  7 hobgoblins
  17 jackals
  4 quokkas
  3 bats (D:1)
  5 frilled lizards
  9 goblins
  9 kobolds
  17 rats
  A fungus (Lair:1)
231 creatures vanquished.

Notes
Turn   | Place    | Note
-------+----------+-------------------------------------------
     0 | D:1      | newtant the Hill Orc Fighter began the quest for the Orb.
     0 | D:1      | Reached XP level 1. HP: 19/19 MP: 1/1
    17 | D:1      | Reached skill level 3 in Axes
    46 | D:1      | Reached XP level 2. HP: 23/26 MP: 2/2
    73 | D:1      | Reached skill level 4 in Axes
   227 | D:1      | Reached XP level 3. HP: 26/31 MP: 3/3
   478 | D:2      | Found a blossoming altar of Fedhas.
   535 | D:2      | Reached skill level 5 in Axes
   577 | D:2      | Noticed Sigmund
   585 | D:2      | Killed Sigmund
   585 | D:2      | Reached skill level 7 in Axes
   585 | D:2      | Reached XP level 4. HP: 28/39 MP: 4/4
   585 | D:2      | Reached XP level 5. HP: 33/45 MP: 5/5
   989 | D:2      | Reached skill level 8 in Axes
  1022 | D:2      | Reached XP level 6. HP: 51/51 MP: 6/6
  1788 | D:3      | Noticed Grinder
  1807 | D:3      | Paralysed by Grinder for 4 turns
  1814 | D:3      | Paralysed by Grinder for 3 turns
  1843 | D:3      | Killed Grinder
  1843 | D:3      | Reached skill level 9 in Axes
  1843 | D:3      | Reached XP level 7. HP: 30/57 MP: 7/7
  2381 | D:4      | Reached skill level 10 in Axes
  3192 | D:5      | Entered Level 5 of the Dungeon
  3263 | D:5      | Reached skill level 11 in Axes
  3349 | D:5      | Found an ornate altar of the Wu Jian Council.
  3349 | D:5      | Found a bloodstained altar of Trog.
  3350 | D:5      | Found a deep blue altar of Sif Muna.
  3497 | D:5      | Reached XP level 8. HP: 58/64 MP: 8/8
  3933 | D:5      | Reached skill level 12 in Axes
  4490 | D:6      | Reached skill level 13 in Axes
  4915 | D:6      | Found a staircase to the Ecumenical Temple.
  4969 | D:6      | Got an ivory hunting sling
  5004 | Temple   | Entered the Ecumenical Temple
  5272 | D:6      | Reached skill level 14 in Axes
  5272 | D:6      | Reached XP level 9. HP: 57/70 MP: 6/9
  5393 | D:6      | Found a sparkling altar of Nemelex Xobeh.
  5873 | D:7      | Identified the +5 hunting sling "Jaladok" {velocity, Fragile rF++ Int-3 Dex+8} (You found it on level 6 of the Dungeon)
  5894 | D:7      | Reached skill level 5 in Fighting
  6996 | D:8      | Found a staircase to the Lair.
  7094 | D:8      | Reached skill level 10 in Fighting
  7107 | D:8      | Found an iron altar of Okawaru.
  7123 | D:8      | Became a worshipper of Warmaster Okawaru
  7170 | D:8      | Reached XP level 10. HP: 62/94 MP: 6/10
  7179 | D:8      | Found a shadowy altar of Dithmenos.
  7268 | D:8      | Noticed Joseph
  7298 | D:8      | Killed Joseph
  7530 | D:8      | Noticed Maurice
  7576 | D:8      | Killed Maurice
  7832 | D:8      | Noticed a green ugly thing
  7852 | D:8      | Killed a green ugly thing
  7852 | D:8      | Reached * piety under Okawaru
  8287 | Lair:1   | Entered Level 1 of the Lair of Beasts
  8337 | Lair:1   | Noticed Gastronok
  8364 | Lair:1   | Killed Gastronok
  8364 | Lair:1   | Reached ** piety under Okawaru
  8364 | Lair:1   | Reached *** piety under Okawaru
  8364 | Lair:1   | Reached skill level 15 in Axes
  8364 | Lair:1   | Reached XP level 11. HP: 35/105 MP: 4/11
  8559 | Lair:1   | Reached **** piety under Okawaru
  8562 | Lair:1   | Reached skill level 16 in Axes
  8843 | Lair:1   | Noticed Nergalle
  8895 | Lair:1   | Killed Nergalle
  9678 | Lair:2   | Reached skill level 17 in Axes
  9748 | Lair:2   | Reached ***** piety under Okawaru
 10690 | Lair:3   | Reached skill level 18 in Axes
 11090 | Lair:3   | Noticed a four-headed hydra
 11134 | Lair:3   | HP: 2/105 [12-headed hydra (4)]
 11134 | Lair:3   | Slain by a 12-headed hydra

Skill      XL: |  1  2  3  4  5  6  7  8  9 10 11 |
---------------+----------------------------------+-----
Axes           | 3 4 7 8 9 11 14 15 18 | 18.3
Fighting       | 10 12 | 12.7
Armour         | |  3.2
Shields        | |  3.2

Action                   |  1- 3 |  4- 6 |  7- 9 | 10-12 || total
-------------------------+-------+-------+-------+-------++-------
Melee: War axe           |    80 |   158 |   496 |   370 ||  1104
  Use: Potion            |     1 |       |       |     4 ||     5
       Scroll            |       |       |     9 |     7 ||    16
  Eat: Chunk             |       |     4 |    17 |     7 ||    28
       Ration            |       |       |       |     2 ||     2
Armor: Scale mail        |    44 |    26 |       |       ||    70
       Plate armour      |       |    40 |   204 |   216 ||   460
       Skin              |       |       |       |    33 ||    33
Dodge: Dodged            |    27 |    15 |    14 |    21 ||    77
Block: Shield            |    52 |    25 |       |       ||    77
       Large shield      |       |    63 |   242 |   286 ||   591
